 Dungeon Crawl Stone Soup version 0.28.0-49-g6dfe1f597d (webtiles) character file.

Game seed: 13031233441317896797

37528 burn09 the Warrior (level 13, -4/127 HPs)
             Began as a Minotaur Berserker on May 18, 2022.
             Was a Priest of Trog.
             Slain by Sonja
             ... wielding a +2 short sword of distortion
              (6 damage)
             ... on level 5 of the Lair of Beasts on May 19, 2022.
             The game lasted 01:41:32 (15328 turns).

burn09 the Warrior (Minotaur Berserker)            Turns: 15328, Time: 01:41:32

Health: -4/127     AC: 20    Str: 25    XL:     13   Next: 58%
Magic:  12/12      EV: 16    Int:  4    God:    Trog [***...]
Gold:   726        SH:  0    Dex: 12    Spells: 12/12 levels left

rFire   + . .      SeeInvis .   a - +1 flail (protect)
rCold   + + .      Faith    .   k - orb {*Rage}
rNeg    . . .      Spirit   .   N - +2 chain mail {rC+}
rPois   +          Reflect  .   (helmet restricted)
rElec   +          Harm     .   (no cloak)
rCorr   +          Rampage  .   v - +2 pair of gloves
Will    .....      Rage     20% m - +1 pair of boots {Fly}
Stlth   ..........              (no amulet)
HPRegen 0.31/turn               W - +4 ring of evasion
MPRegen 0.13/turn               S - ring of resist corrosion

@: lethally poisoned (-4 -> -8), resistant, on berserk cooldown, flying, slowed,
very slow
A: horns 2, retaliatory headbutt, [subdued magic 2]
a: Renounce Religion, Berserk, Trog's Hand


You were on level 5 of the Lair of Beasts.
You worshipped Trog.
Trog was most pleased with you.
You visited 4 branches of the dungeon, and saw 15 of its levels.
You visited the Abyss 1 time.

You collected 966 gold pieces.
You spent 240 gold pieces at shops.

Inventory:

Hand Weapons
 a - a +1 flail of protection (weapon)
 r - a +1 great mace of flaming
Missiles
 c - 319 stones
 e - 3 curare-tipped darts
 p - 2 boomerangs (quivered)
 u - 239 arrows
 J - 63 bolts
 P - 46 sling bullets
Armour
 k - an orb of wrath (worn)
 m - a +1 pair of boots of flying (worn)
 v - a +2 pair of gloves (worn)
 N - a +2 chain mail of cold resistance (worn)
Jewellery
 B - a ring of protection from cold
 L - a ring of ice
 S - a ring of resist corrosion (right hand)
 W - a +4 ring of evasion (left hand)
Wands
 b - a wand of paralysis (6)
 l - a wand of acid (11)
 w - a wand of iceblast (6)
 M - a wand of charming (5)
 T - a wand of digging (3)
 U - a wand of flame (3)
Scrolls
 f - a scroll of summoning {unknown}
 g - 3 scrolls of enchant weapon
 h - a scroll of brand weapon {unknown}
 i - a scroll of enchant armour {unknown}
 j - 5 scrolls of teleportation
 o - 2 scrolls of magic mapping
 y - a scroll of immolation {unknown}
 A - 2 scrolls of fear {unknown}
 E - a scroll of fog {unknown}
 I - a scroll of acquirement {unknown}
 K - 2 scrolls of silence
Potions
 d - a potion of resistance
 t - 4 potions of magic
 x - 2 potions of haste
 z - 2 potions of cancellation
 C - 2 potions of lignification
 F - a potion of ambrosia
 Q - 2 potions of attraction
 V - 2 potions of brilliance {unknown}
 Y - 5 potions of mutation
 Z - 2 potions of might
Miscellaneous
 X - a lightning rod (3/4)


   Skills:
 * Level 15.5 Fighting
 - Level 4.3(9.9) Axes
 - Level 13.7(14.0) Maces & Flails
 + Level 4.7 Throwing
 * Level 11.7 Armour
 + Level 10.3 Dodging
 + Level 7.6 Evocations


You had 12 spell levels left.
You didn't know any spells.
Your spell library was empty.

Dungeon Overview and Level Annotations

Branches:
Dungeon (8/15)             Temple (0/1) D:6            Lair (5/6) D:8
  Swamp (1/4) Lair:3        Snake (1/4) Lair:2
  Slime: Lair:5-6

Altars:
Ashenzari
Kikubaaqudgha
Uskayaw
Wu Jian

Shops:
D:7 =

Annotations:
Lair:5 Sonja
Swamp:1 Aizul, Mlioglotl


Innate Abilities, Weirdness & Mutations

You have a pair of horns on your head.
You reflexively headbutt those who attack you in melee.
[Your spells are easier to cast, but less powerful.]


Message History

You are exhausted.
You feel as though you will be slow longer.
You feel very sick.
Sonja mumbles some strange words.
Sonja blinks!
You feel very sick.
Sonja plants her feet in a plie.
You feel very sick.
You see here an elephant skeleton.
You feel better. Sonja closely misses you. Sonja hits you but does no damage.
Space warps horribly around you.
* * * LOW HITPOINT WARNING * * *
Sonja closely misses you.
Sonja shouts, "Too slow!"
Sonja casts a spell.
Sonja blinks!
Sonja throws a curare-tipped dart.
The curare-tipped dart misses you.
Sonja casts a spell.
Sonja blinks!
You see here an elephant skeleton.
Sonja throws a curare-tipped dart.
The curare-tipped dart hits you.
You are poisoned.
You have difficulty breathing.
* * * LOW HITPOINT WARNING * * *
You feel as though you will be slow longer.
Okay, then.
Okay, then.
You feel protected.
* * * LOW HITPOINT WARNING * * *
You feel very sick.
Sonja throws a curare-tipped dart.
The curare-tipped dart barely misses you.
Sonja gestures wildly while chanting.
Sonja blinks!
* * * LOW HITPOINT WARNING * * *
You feel very sick. Sonja completely misses you.
Sonja hits you with a +2 short sword of distortion.
You die...

..#................#...........
......... .......8.......8.....
..P..+.........#...#.#.........
.....# ###.#.#.#...#.#.#.#.#.#.#.
.....#......###.....###......#...
......###..#..###'#...##.##......
...............#....#............
....................#............
..###...##.#§..8@K.8.............
..P# ##.##....#.....#............
..## .####...#÷8.÷.............
..# . #P....###.......†...... ..#
#...................... ..+...
#...................... ...#
P............####...##.... ..##
#P..#.......###....##P.... ....#
#..P......P.#....#.##.....


You could see Sonja.

Vanquished Creatures
  A catoblepas (Lair:5)
  A naga warrior (Snake:1)
  A boulder beetle (Lair:2)
  4 hydras
  An alligator (Lair:3)
  A naga sharpshooter (Snake:1)
  3 death yaks (D:8)
  A two-headed ogre (D:8)
  A vampire mage (Abyss:1)
  2 sixfirhies (Abyss:1)
  Pikel (D:6)
  A mana viper (Snake:1)
  11 elephants
  A large abomination (Abyss:1)
  A worldbinder (Abyss:1)
  6 black mambas
  A dire elephant zombie (Abyss:1)
  2 smoke demons (Abyss:1)
  8 cane toads
  A torpor snail (Lair:3)
  Maggie (D:7)
  A dire elephant skeleton (Abyss:1)
  2 rime drakes
  5 komodo dragons
  An ancient zyme (Abyss:1)
  4 polar bears
  Prince Ribbit (D:5)
  Grinder (D:3)
  4 raiju (Abyss:1)
  26 blink frogs
  5 dream sheep
  Sigmund (D:2)
  A wyvern (Lair:2)
  24 yaks
  Eustachio (D:4)
  A steam dragon (D:8)
  4 vampire mosquitoes (Lair:3)
  10 water moccasins
  5 black bears
  2 ice beasts
  2 necrophages
  2 centaurs (D:8)
  31 wolves
  2 ogres
  2 lemures (D:6)
  2 phantoms
  A kobold brigand (D:6)
  10 bullfrogs
  A gnoll sergeant (D:5)
  A small abomination (Abyss:1)
  3 scorpions
  A water moccasin zombie (D:7)
  A wyvern skeleton (D:5)
  4 killer bees (D:7)
  An electric eel (Lair:3)
  A howler monkey (D:7)
  A centaur zombie (D:8)
  3 starcursed masses (Abyss:1)
  3 centaur skeletons
  2 hounds (D:6)
  3 jellies
  A quasit (Abyss:1)
  An orc priest (D:3)
  Jessica (D:3)
  2 iguanas
  Terence (D:2)
  5 orc wizards
  Ijyb (D:3)
  A hell rat (D:8)
  A killer bee zombie (D:7)
  A hound skeleton (D:4)
  A howler monkey zombie (D:8)
  A howler monkey skeleton (D:6)
  4 river rats (D:8)
  2 adders (D:5)
  4 gnolls (D:5)
  2 white imps
  An ufetubus (D:6)
  2 worms
  2 dart slugs
  17 orcs
  7 ball pythons
  6 endoplasms
  3 giant cockroaches
  5 goblins
  6 hobgoblins
  4 jackals (D:2)
  9 kobolds
  2 quokkas
  6 bats
  4 frilled lizards
  4 rats
  A lurking horror (Abyss:1)
334 creatures vanquished.

Vanquished Creatures (collateral kills)
  A thrashing horror (Abyss:1)
  An orb spider (Abyss:1)
  A salamander (Snake:1)
3 creatures vanquished.

Vanquished Creatures (others)
  A butterfly (Lair:5)
  20 fungi
  34 plants
  3 starspawn tentacles (Abyss:1)
58 creatures vanquished.

Grand Total: 395 creatures vanquished

Notes
Turn   | Place    | Note
-------+----------+-------------------------------------------
     0 | D:1      | burn09 the Minotaur Berserker began the quest for the Orb.
     0 | D:1      | Reached XP level 1. HP: 19/19 MP: 0/0
   139 | D:1      | Reached XP level 2. HP: 11/27 MP: 1/1
   415 | D:1      | Found a faded altar of an unknown god.
   417 | D:1      | Reached skill level 4 in Fighting
   896 | D:2      | Noticed Terence
   903 | D:2      | Killed Terence
   904 | D:2      | Reached XP level 3. HP: 34/34 MP: 2/2
  1163 | D:2      | Noticed Sigmund
  1174 | D:2      | Killed Sigmund
  1175 | D:2      | Reached skill level 5 in Fighting
  1175 | D:2      | Reached XP level 4. HP: 42/42 MP: 3/3
  1175 | D:2      | Reached XP level 5. HP: 48/48 MP: 4/4
  1194 | D:2      | Reached ** piety under Trog
  1691 | D:3      | Noticed Ijyb
  1701 | D:3      | Killed Ijyb
  1776 | D:3      | Noticed Jessica
  1779 | D:3      | Killed Jessica
  1780 | D:3      | Reached XP level 6. HP: 57/57 MP: 5/5
  1838 | D:3      | Found a broken altar of Ashenzari.
  1838 | D:3      | Found an ancient bone altar of Kikubaaqudgha.
  1996 | D:3      | Noticed Grinder
  2001 | D:3      | Paralysed by Grinder for 4 turns
  2007 | D:3      | Killed Grinder
  2008 | D:3      | Reached skill level 6 in Fighting
  2012 | D:3      | Reached XP level 7. HP: 64/64 MP: 6/6
  2252 | D:3      | Reached *** piety under Trog
  2508 | D:4      | Noticed Eustachio
  2541 | D:4      | Killed Eustachio
  2542 | D:4      | Reached skill level 7 in Fighting
  2899 | D:4      | Reached skill level 1 in Evocations
  3242 | D:4      | Reached skill level 5 in Maces & Flails
  3355 | D:5      | Entered Level 5 of the Dungeon
  3543 | D:5      | Noticed Prince Ribbit
  3554 | D:5      | Killed Prince Ribbit
  3555 | D:5      | Reached skill level 5 in Armour
  3555 | D:5      | Reached XP level 8. HP: 73/73 MP: 7/7
  3713 | D:5      | Reached skill level 5 in Dodging
  3716 | D:5      | Reached skill level 8 in Fighting
  4317 | D:6      | Found a staircase to the Ecumenical Temple.
  4465 | D:6      | Reached **** piety under Trog
  4527 | D:6      | Noticed Pikel
  4546 | D:6      | Killed Pikel
  4547 | D:6      | Reached skill level 9 in Fighting
  4547 | D:6      | Reached XP level 9. HP: 62/83 MP: 8/8
  4934 | D:6      | Noticed a five-headed hydra
  5222 | D:7      | Found Qauloec's Jewellery Shop.
  5242 | D:7      | Bought a ring of resist corrosion for 240 gold pieces
  5637 | D:7      | Reached skill level 10 in Fighting
  6135 | D:7      | Noticed Maggie
  6146 | D:7      | Killed Maggie
  6147 | D:7      | Reached XP level 10. HP: 90/94 MP: 9/9
  6384 | D:6      | Killed a five-headed hydra
  6532 | D:8      | Noticed a death yak
  6541 | D:8      | Noticed a death yak
  6546 | D:8      | Noticed a death yak
  6547 | D:8      | Killed a death yak
  6554 | D:8      | Killed a death yak
  6555 | D:8      | Reached skill level 11 in Fighting
  6571 | D:8      | Killed a death yak
  6572 | D:8      | Reached skill level 10 in Maces & Flails
  6697 | D:8      | Found a staircase to the Lair.
  6895 | D:8      | Noticed a two-headed ogre
  6900 | D:8      | Killed a two-headed ogre
  7373 | Lair:1   | Entered Level 1 of the Lair of Beasts
  7393 | Lair:1   | Reached skill level 5 in Evocations
  7409 | Lair:1   | Reached XP level 11. HP: 99/104 MP: 10/10
  7505 | Lair:1   | Reached skill level 12 in Fighting
  7726 | Lair:1   | Found a gate leading to a gauntlet.
  7927 | Lair:1   | Noticed a five-headed hydra
  7937 | Lair:1   | Killed a five-headed hydra
  8056 | Lair:1   | Reached ***** piety under Trog
  8741 | Lair:2   | Reached skill level 13 in Fighting
  8905 | Lair:2   | Found a staircase to the Snake Pit.
  8954 | Lair:2   | Found an ornate altar of the Wu Jian Council.
  8954 | Lair:2   | Found a hide-covered altar of Uskayaw.
  8954 | Lair:2   | Noticed a boulder beetle
  8984 | Lair:2   | Killed a boulder beetle
  9281 | Lair:2   | Reached XP level 12. HP: 115/115 MP: 11/11
  9286 | Lair:2   | Received a gift from Trog
 10101 | Snake:1  | Entered Level 1 of the Snake Pit
 10371 | Snake:1  | Noticed a naga warrior
 10386 | Snake:1  | Noticed a naga warrior
 10413 | Snake:1  | Reached skill level 1 in Throwing
 10902 | Snake:1  | Killed a naga warrior
 11014 | Lair:3   | Found a staircase to the Swamp.
 11153 | Lair:3   | Reached skill level 14 in Fighting
 11161 | Lair:3   | Reached skill level 10 in Armour
 11276 | Lair:3   | Found a dark tunnel.
 11441 | Lair:3   | Noticed a four-headed hydra
 11961 | Lair:3   | Killed a four-headed hydra
 12330 | Swamp:1  | Entered Level 1 of the Swamp
 12336 | Swamp:1  | Noticed an alligator
 12338 | Swamp:1  | Noticed Mlioglotl
 12341 | Swamp:1  | Noticed Aizul
 12343 | Swamp:1  | Noticed a spriggan air mage
 12351 | Lair:3   | Killed an alligator
 12601 | Lair:3   | Reached XP level 13. HP: 58/125 MP: 12/12
 13430 | Lair:4   | Reached skill level 15 in Fighting
 13489 | Lair:4   | Reached skill level 10 in Dodging
 14762 | Lair:5   | Noticed Sonja
 14853 | Lair:5   | Cast into level 1 of the Abyss (Sonja)
 15024 | Abyss:1  | Noticed a starcursed mass
 15029 | Abyss:1  | Noticed a profane servitor
 15104 | Abyss:1  | Noticed an ironbound thunderhulk
 15104 | Abyss:1  | Noticed a cyan very ugly thing
 15120 | Abyss:1  | HP: 5/127 [thrashing horror (11)]
 15198 | Abyss:1  | Noticed a starcursed mass
 15214 | Abyss:1  | Killed a starcursed mass
 15215 | Abyss:1  | Noticed a tentacled starspawn
 15231 | Abyss:1  | Found a corrupted altar of Lugonu.
 15298 | Abyss:1  | Noticed a lich
 15311 | Abyss:1  | Found a corrupted altar of Lugonu.
 15319 | Lair:5   | Escaped the Abyss
 15327 | Lair:5   | HP: 5/127 [poisoned by Sonja (curare-tipped dart)]
 15328 | Lair:5   | HP: 2/127 [poisoned by Sonja (curare-tipped dart)]
 15328 | Lair:5   | Slain by Sonja

Illustrated notes

Levels and vault maps discovered:
D:1:      scummos_arrival_star, layout_basic,
          shapermc_ecumenical_altar_starsandcircs, dk_noncrumbling_3,
          minmay_pentomino_x2
D:2:      layout_basic, uniq_terence, uniq_sigmund
D:3:      layout_loops_ring, gammafunk_temple_overflow_wave, uniq_jessica,
          uniq_grinder, uniq_ijyb
D:4:      layout_gridville, uniq_eustachio
D:5:      layout_loops_corners, uniq_prince_ribbit1
D:6:      minmay_clustersquares, layout_loops_cross,
          minmay_temple_entry_antechambers, uniq_pikel
D:7:      layout_loops_ring, serial_shops, shop, roderic_lattice_a, uniq_maggie
D:8:      layout_loops_ring, dpeg_lair_monsters, nicolae_zen_rock_garden
Lair:1:   layout_chaotic_city, gauntlet_entry_generic, lemuel_fruit_fields,
          infiniplex_staircase_pool_2
Lair:2:   layout_regular_city, dummy_snake_entry, st_stairs_13,
          serial_bayou_pond_a, serial_bayou_pond_d,
          nzn_masters_of_martial_movement
Lair:3:   layout_regular_city, minmay_swamp_entry_swarm, enter_volcano_4
Lair:4:   layout_cave_shapes
Lair:5:   beast_lair_carwin_large_2, layout_regular_city, st_stairs_7,
          grunt_megastairs_1, serial_bayou_shore_b, lemuel_fruit_fields,
          uniq_sonja
Swamp:1:  layout_falls_marsh, evilmike_swamp_ruin_house_4, uniq_aizul,
          uniq_jorgrun, uniq_roxanne, uniq_mlioglotl
Snake:1:  layout_concentric_octagons, serial_bayou_shore_b, serial_bayou_shore_a

Skill      XL: |  1  2  3  4  5  6  7  8  9 10 11 12 13 |
---------------+----------------------------------------+-----
Fighting       | 4 5 6 7 9 10 11 13 14 15 | 15.5
Axes           | 4 |  4.3
Armour         | 3 4 5 6 7 8 9 10 11 | 11.7
Maces & Flails | 2 3 5 7 8 10 12 13 | 13.7
Dodging        | 3 4 5 6 7 8 9 10 | 10.3
Evocations     | 1 2 3 5 6 7 |  7.6
Throwing       | 3 4 |  4.7

Action                   |  1- 3 |  4- 6 |  7- 9 | 10-12 | 13-15 || total
-------------------------+-------+-------+-------+-------+-------++-------
Melee: Hand axe          |    42 |       |       |       |       ||    42
       Headbutt          |     7 |     8 |    48 |   126 |    69 ||   258
       Flail             |    14 |    50 |   256 |   485 |   280 ||  1085
Throw: Boomerang         |       |     2 |     7 |    66 |    71 ||   146
Invok: Trog's Hand       |       |       |       |     4 |     6 ||    10
       Brothers in Arms  |       |       |       |     2 |     2 ||     4
Evoke: Wand              |     1 |       |     1 |     8 |     2 ||    12
       Lightning rod     |       |       |       |       |     1 ||     1
  Use: Scroll            |     2 |     2 |     8 |     8 |     7 ||    27
       Potion            |       |       |       |     7 |     4 ||    11
 Stab: Petrified         |       |       |       |       |     1 ||     1
Armor: Ring mail         |    13 |     7 |       |       |       ||    20
       Chain mail        |       |    21 |   167 |   268 |   135 ||   591
Dodge: Dodged            |    37 |    24 |   108 |   266 |   207 ||   642
